Map: Bridgehead LE (Void)

Players

SeraphimVeil

  • Race: Zerg Zerg
  • League: Bronze

wabbajack - Winner!

  • Race: Zerg Zerg
  • League: Gold

VOD

Have the link to the VOD?

Description

Time

  • Played on: July 22, 2015, 2:46 a.m.
  • Length: 8:43
Show
View Real Time Build Order
Export as new Build Order

SeraphimVeil Zerg 

Build Orders: Pool First 

Get SALT Encoding   

  12  0:08  Overlord  
  12  0:14  Drone  
  12  0:17  Drone  
  14  0:28  Drone  
  15  0:39  Spawning Pool  
  14  0:43  Drone  
  15  1:09  Hatchery  
  14  1:21  Drone x2  
  14  1:22  Drone  
  17  1:31  Queen  
  19  1:40  Drone, Extractor  
  19  1:51  Drone  
  20  1:55  Overlord  
  20  2:12  Drone  
  21  2:24  Roach Warren  
  21  2:27  Extractor  
  21  2:29  Queen  
  19  2:32  Drone  
  19  2:33  Drone x3  
  25  2:48  Drone x6  
  31  3:13  Overlord x2  
  31  3:23  Extractor  
  30  3:33  Evolution Chamber  
  29  3:34  Drone  
  29  3:35  Drone x7  
  37  3:57  Lair  
  37  4:01  Roach  
  37  4:02  Roach x2  
  43  4:04  Overlord x3  
  43  4:08  Zerg Missile Weapons Level 1  
  43  4:20  Drone, Extractor  
  43  4:22  Overlord x2  
  43  4:24  Drone x3  
  43  4:26  Drone  
  47  4:41  Zergling x2  
  47  4:42  Zergling x12  
  40  4:57  Roach  
  40  4:58  Roach  
  44  5:07  Queen  
  44  5:14  Roach x2  
  50  5:24  Glial Reconstitution  
  50  5:26  Metabolic Boost  
  48  5:44  Roach  
  48  5:45  Roach x6  
  48  5:49  Drone  
  49  5:50  Drone  
  51  5:57  Roach  
  51  6:10  Roach  
  53  6:13  Roach  
  55  6:19  Drone  
  55  6:24  Drone  
  55  6:43  Roach  
  55  6:44  Drone x2  
  55  6:45  Drone  
  60  7:17  Roach x5  
  64  7:33  Roach  
  64  7:34  Roach x2  
  60  8:07  Roach x6  
  66  8:16  Drone x5  
  65  8:29  Drone x4  
Show
View Real Time Build Order
Export as new Build Order

wabbajack Zerg - Winner!

Build Orders: Hatch First 

Get SALT Encoding   

  12  0:01  Drone  
  13  0:18  Overlord  
  13  0:24  Drone  
  14  0:33  Extractor  
  14  0:34  Drone  
  15  0:37  Drone  
  16  0:47  Drone  
  17  0:58  Extractor  
  17  0:59  Hatchery, Drone  
  17  1:04  Drone  
  17  1:15  Drone  
  18  1:26  Spawning Pool  
  18  1:30  Drone  
  18  1:31  Extractor  
  17  1:36  Drone  
  18  1:53  Drone  
  19  1:57  Drone  
  20  2:09  Drone  
  20  2:12  Drone  
  20  2:13  Queen  
  26  2:17  Pneumatized Carapace  
  24  2:23  Drone, Baneling Nest  
  24  2:25  Drone  
  25  2:42  Zergling x4  
  27  2:57  Overlord  
  27  3:02  Extractor, Queen  
  29  3:06  Overlord x2, Spine Crawler  
  28  3:18  Zergling x4, Extractor  
  29  3:20  Extractor  
  30  3:28  Zergling x2  
  30  3:29  Zergling x2  
  32  3:35  Baneling x4  
  32  3:38  Metabolic Boost  
  32  3:52  Drone x3  
  32  3:53  Drone x3  
  38  3:58  Baneling x2  
  38  4:04  Baneling x2  
  38  4:12  Zergling x4  
  38  4:13  Zergling x2  
  38  4:56  Baneling x2  
  38  4:57  Baneling x2  
  37  5:15  Baneling x3  
  37  5:27  Overlord x3  
  37  5:29  Drone  
  37  5:30  Drone x4  
  37  5:56  Overlord  
  37  6:02  Hatchery, Drone x4  
  37  6:04  Drone x4  
  41  6:09  Roach Warren  
  41  6:10  Evolution Chamber, Extractor  
  41  6:11  Drone  
  41  6:13  Drone  
  41  6:14  Drone x2, Overlord  
  45  6:25  Zergling x4  
  46  6:45  Spine Crawler  
  40  6:49  Roach x2  
  40  6:50  Roach x3  
  40  6:51  Roach x4  
  50  7:08  Extractor  
  33  7:32  Roach  
  33  7:33  Roach x10  
  53  7:52  Overlord  
  53  7:54  Roach x4  
Tags
 
Add a new tag
Caveats
  • Supply blocks, unpowered buildings, or Contaminate may cause inaccurate times.
  • Supply counts are checked every 10 seconds.